 Dungeon Crawl Stone Soup version 0.29-a0-837-g174bc33265 (webtiles) character file.

Game seed: 8116295144266794352

39 Garessta the Trooper (level 3, -2/30 HPs)
             Began as a Demonspawn Fighter on July 13, 2022.
             Slain by a hobgoblin (4 damage)
             ... led by Robin
             ... on level 1 of the Dungeon.
             The game lasted 00:01:49 (1283 turns).

Garessta the Trooper (Demonspawn Fighter)           Turns: 1283, Time: 00:01:50

Health: -2/30      AC:  6    Str: 18    XL:     3   Next: 26%
Magic:  3/3        EV: 11    Int:  9    God:
Gold:   54         SH:  8    Dex: 12    Spells: 2/2 levels left

rFire   . . .      SeeInvis .   a - +0 war axe
rCold   . . .      Faith    .   h - +0 kite shield
rNeg    . . .      Spirit   .   b - +0 scale mail
rPois   .          Reflect  .   (no helmet)
rElec   .          Harm     .   (no cloak)
rCorr   .          Rampage  .   (no gloves)
Will    .....                   (no boots)
Stlth   ..........              (no amulet)
HPRegen 0.10/turn               k - +4 ring of evasion
MPRegen 0.08/turn               (no ring)

@: no status effects
A: foul stench 1
a: no special abilities


You were on level 1 of the Dungeon.
You visited 1 branch of the dungeon, and saw 2 of its levels.

You collected 54 gold pieces.

Inventory:

Hand Weapons
 a - a +0 war axe (weapon)
Armour
 b - a +0 scale mail (worn)
 h - a +0 kite shield (worn)
Jewellery
 k - a +4 ring of evasion (left hand)
Scrolls
 c - a scroll of amnesia {unknown}
 e - a scroll of silence {unknown}
 i - a scroll of teleportation {unknown}
 n - a scroll of enchant armour {unknown}
Potions
 d - a potion of might
 f - 3 potions of ambrosia {unknown}
 g - a potion of curing {unknown}
 j - a potion of invisibility {unknown}
 l - 2 potions of flight {unknown}
 m - a potion of heal wounds {unknown}


   Skills:
 + Level 3.7 Fighting
 + Level 2.7 Axes
 - Level 2.6 Armour
 - Level 2.6 Shields


You had 2 spell levels left.
You didn't know any spells.
Your spell library was empty.

Dungeon Overview and Level Annotations

Branches:
Dungeon (2/15)

Altars:


Innate Abilities, Weirdness & Mutations

You may rarely emit foul miasma when damaged in melee.


Message History

The goblin is severely wounded.
You barely miss the hobgoblin. The hobgoblin hits you.
You block the goblin's attack.
The goblin hits you with a +0 dagger of venom.
You are poisoned.
The hobgoblin hits you but does no damage.
You hit the goblin.
You kill the goblin!
You barely miss the hobgoblin.
You feel very sick. The hobgoblin hits you.
* * * LOW HITPOINT WARNING * * *
Unknown command.
You hit the hobgoblin.
You kill the hobgoblin!
You feel sick.
The goblin unwields a +0 dagger.
The goblin wields a +0 sling.
The goblin shoots a sling bullet.
You block the sling bullet.
You hear a shout! x2
You closely miss the hobgoblin.
You feel sick. The hobgoblin barely misses you.
You hit the hobgoblin.
The hobgoblin is heavily wounded.
You barely miss the goblin.
You feel sick. The hobgoblin barely misses you.
A goblin comes into view. It is wielding a +0 dagger.
The goblin unwields a +0 sling.
The goblin wields a +0 dagger.
You block the goblin's attack. The hobgoblin barely misses you.
The goblin attacks as you move away! You block the goblin's attack.
The hobgoblin attacks as you move away! The hobgoblin hits you.
* * * LOW HITPOINT WARNING * * *
You feel sick.
You are no longer poisoned.
The goblin unwields a +0 dagger.
The goblin wields a +0 sling.
The goblin shoots a sling bullet.
You block the sling bullet.
You hear a shout! x2
There is a stone staircase leading up here.
You climb upwards.
There is a stone staircase leading down here.
You closely miss the hobgoblin.
The hobgoblin is heavily wounded.
The hobgoblin hits you.
You die...

#.# #.# #.# #.#
#.########## ...........#
........##.# #####
...####.##.####### #...#
.............).g@# #.#.#
##.####.##...##### #.#.#
...# #.##......#######
#.#.# .###
#.###..##.......#### #.#.#
.# #.###..#........'..#
#.#.# .#
#......#.#......##.# #.#.#
.##########.##.#.#...###.#
#.#.#
.##..............#.#.# #.#
#.#.#
.##................#.###.#
#.#.#


You could see a hobgoblin.

Vanquished Creatures
  A dart slug (D:1)
  2 endoplasms (D:1)
  3 giant cockroaches (D:1)
  6 goblins
  7 hobgoblins
  2 kobolds (D:1)
  2 quokkas (D:1)
  2 ball pythons (D:1)
  A bat (D:1)
  4 frilled lizards (D:1)
  2 rats (D:1)
32 creatures vanquished.

Notes
Turn   | Place    | Note
-------+----------+-------------------------------------------
     0 | D:1      | Garessta the Demonspawn Fighter began the quest for the
                  | Orb.
     0 | D:1      | Reached XP level 1. HP: 18/18 MP: 1/1
   188 | D:1      | Gained mutation: You may rarely emit foul miasma when
                  | damaged in melee. [demonic ancestry]
   188 | D:1      | Reached XP level 2. HP: 23/24 MP: 2/2
   681 | D:1      | Reached XP level 3. HP: 18/29 MP: 3/3
  1283 | D:1      | Slain by a hobgoblin

Illustrated notes

Levels and vault maps discovered:
D:1:      amcnicky_arrival_double_pillar, layout_basic
D:2:      layout_basic, serial_shops, nicolae_shop_competitors_out_of_business,
          minmay_heptomino_d4, uniq_robin

Skill      XL: |  1 |
---------------+----+-----
Axes           | 2 |  2.7
Fighting       | |  3.7
Armour         | |  2.6
Shields        | |  2.6

Action                   || total
-------------------------++-------
Melee: War axe           ||    74
Armor: Scale mail        ||    32
Dodge: Dodged            ||    29
Block: Buckler           ||     5
       Kite shield       ||    28

Table legend: (Time is in decaauts)
 A = Elapsed time spent in this place.
 B = Non-inter-level travel time spent in this place.
 C = Inter-level travel time spent in this place.
 D = Time resting spent in this place.
 E = Time spent auto-exploring this place.
 F = Levels seen in this place.
 G = Mean time per level.
                   A        B        C        D        E       F      G
               +--------+--------+--------+--------+--------+-----+--------+
         Total |   1320 |   1265 |     55 |      3 |   1061 |   2 |  660.0 |
       Dungeon |   1320 |   1265 |     55 |      3 |   1061 |   2 |  660.0 |
               +--------+--------+--------+--------+--------+-----+--------+

Top non-repeatable levels by time:
     D:1: 1298 daAuts
     D:2: 22 daAuts
